 Dungeon Crawl Stone Soup version 0.24-a0-582-g4d4af813a0 (webtiles) character file.

Game seed: 15305144901812339572

280 Flugkiller the Ruffian (level 6, -1/47 HPs)
             Began as a Formicid Transmuter on Aug 27, 2019.
             Was an Initiate of Okawaru.
             Slain by an ogre
             ... wielding a +0 giant spiked club
              (30 damage)
             ... on level 4 of the Dungeon.
             The game lasted 00:05:08 (4106 turns).

Flugkiller the Ruffian (Formicid Transmuter)        Turns: 4106, Time: 00:05:09

Health: -1/47      AC:  3    Str: 14    XL:     6   Next: 52%
Magic:  9/9        EV: 12    Int: 15    God:    Okawaru [......]
Gold:   181        SH:  0    Dex: 13    Spells: 3/9 levels left

rFire    . . .     SeeInvis +     - Unarmed
rCold    . . .     Gourm    .   (no shield)
rNeg     . . .     Faith    .   b - +0 robe
rPois    .         Spirit   .   (helmet unavailable)
rElec    .         Reflect  .   (no cloak)
rCorr    .         Harm     .   l - +0 pair of gloves
MR       .....                  (no boots)
Stlth    +.........             (no amulet)
HPRegen  0.15/turn              (no ring)
MPRegen  0.11/turn              (no ring)

@: no status effects
A: permanent stasis, dig shafts and tunnels, four strong arms, antennae 3, agile
1
a: Dig, Shaft Self, Renounce Religion


You were on level 4 of the Dungeon.
You worshipped Okawaru.
Okawaru was noncommittal.
You were not hungry.

You visited 1 branch of the dungeon, and saw 4 of its levels.

You collected 181 gold pieces.

Inventory:

Missiles
 a - 12 arrows
 g - 13 poisoned darts (quivered)
 j - 30 bolts
Armour
 b - a +0 robe (worn)
 l - a +0 pair of gloves (worn)
   (You found it on level 1 of the Dungeon)
Jewellery
 i - an uncursed amulet of rage {unknown}
   (You found it on level 1 of the Dungeon)
Scrolls
 c - 2 scrolls of teleportation {unknown}
 e - a scroll of enchant weapon
 h - 2 scrolls of identify {unknown}
 m - a scroll of amnesia {unknown}
 p - a scroll of blinking {unknown}
Potions
 f - 4 potions of agility {unknown}
 k - 2 potions of haste {unknown}
 n - a potion of curing {unknown}
 o - a potion of magic {unknown}
Comestibles
 d - 8 rations
 q - a chunk of flesh


   Skills:
 - Level 3.0 Fighting
 - Level 1.7 Dodging
 - Level 4.4 Unarmed Combat
 - Level 2.1 Spellcasting
 + Level 4.1 Transmutations
 - Level 3.1 Invocations


You had 3 spell levels left.
You knew the following spells:

 Your Spells              Type           Power        Failure   Level  Hunger
a - Beastly Appendage     Tmut           ##....       4%          1    #......
b - Sticks to Snakes      Tmut           ##......     6%          2    ###....
c - Spider Form           Tmut/Pois      #.........   28%         3    ###....

Your spell library contained the following spells:

 Spells                   Type           Power        Failure   Level  Hunger
 Ice Form                 Ice/Tmut       #.......     67%         4    #####..
 Blade Hands              Tmut           ##........   73%         5    ######.


Dungeon Overview and Level Annotations

Branches:
Dungeon (4/15)
 Temple: D:4-7

Altars:
Cheibriados
Okawaru
Vehumet
Xom


Innate Abilities, Weirdness & Mutations

You cannot be hasted, slowed, berserked, paralysed or teleported.
You can dig through walls and to a lower floor.
Your four strong arms can wield two-handed weapons with a shield.
You have a pair of large antennae on your head. (SInv)
You are agile. (Dex +2)


Message History

Found a fizzy blue potion.
Found a stone staircase leading down.
There is a stone staircase leading up here.
Unknown command.
An ogre comes into view. It is wielding a +0 giant club.
An ogre is nearby!
The ogre shouts!
Casting: Spider Form (safe; 28% risk of failure)
Confirm with . or Enter, or press ? or * to list all spells.
You turn into a venomous arachnid creature.
Your +0 pair of gloves melds into your body.
Your +0 robe melds into your body.
You bite the ogre!
The ogre is poisoned.
The ogre is moderately wounded.
You hit the ogre.
The ogre is heavily wounded.
The ogre hits you with a +0 giant club!!
You are too injured to fight recklessly!
Unknown command.
There is a stone staircase leading down here.
Your transformation is almost over.
The ogre closely misses you.
There is a stone staircase leading up here.
Unknown command.
The ogre misses you.
Unknown command.
You bite the ogre!
The ogre looks as sick as possible!
The ogre is almost dead.
Unknown command.
You kill the ogre!
Okawaru is honoured by your kill.
Training target 3.0 for Fighting reached!
Your Fighting skill gained 2 levels and is now at level 3!
You need to enable at least one skill for training.
Unknown command.
Your transformation has ended.
Your +0 pair of gloves unmelds from your body.
Your +0 robe unmelds from your body.
There is a stone staircase leading up here.
You see here a +0 giant club.
There is a stone staircase leading down here.
f - 4 fizzy blue potions (gained 1)
You sense a monster nearby.
Magic restored.
An ogre comes into view. It is wielding a +0 giant spiked club.
The ogre shouts!
An ogre is nearby!
An ogre is nearby!
The ogre hits you with a +0 giant spiked club!!
Ouch! That really hurt!
You die...

#.# ..#
#.##..#####
#>.........
########.##.#####.
............#
########..### ##.#
#.# #@# #O#
#...........
#.########## #


You could see an ogre.

Vanquished Creatures
  An ogre (D:4)
  A crimson imp (D:3)
  An orc priest (D:3)
  An orc wizard (D:3)
  A worker ant (D:2)
  2 adders
  3 dart slugs
  3 orcs (D:3)
  6 bats
  2 giant cockroaches (D:3)
  5 goblins
  2 hobgoblins (D:3)
  16 jackals
  A quokka (D:3)
  3 frilled lizards
  6 kobolds
  5 rats
59 creatures vanquished.

Notes
Turn   | Place    | Note
-------+----------+-------------------------------------------
     0 | D:1      | Flugkiller the Formicid Transmuter began the quest for the
                  | Orb.
     0 | D:1      | Reached XP level 1. HP: 15/15 MP: 3/3
     7 | D:1      | Noticed an iguana
     7 | D:1      | Noticed a tyrant leech
     7 | D:1      | Noticed a soldier ant
    10 | D:1      | Noticed a frost giant
   155 | D:1      | Reached XP level 2. HP: 12/21 MP: 5/5
  1493 | D:2      | Gained mutation: Your mind is acute. (Int +2) [potion of
                  | mutation]
  1493 | D:2      | Lost mutation: Your mind is acute. (Int +2) [potion of
                  | mutation]
  1493 | D:2      | Gained mutation: You are agile. (Dex +2) [potion of
                  | mutation]
  1500 | D:2      | Reached XP level 3. HP: 9/26 MP: 6/6
  1934 | D:2      | Reached XP level 4. HP: 32/32 MP: 7/7
  2040 | D:2      | Learned a level 2 spell: Sticks to Snakes
  2044 | D:2      | Learned a level 3 spell: Spider Form
  2429 | D:3      | Found an iron altar of Okawaru.
  2538 | D:3      | Became a worshipper of Warmaster Okawaru
  2629 | D:3      | Found a radiant altar of Vehumet.
  2657 | D:3      | HP: 1/32 [orc/+0 flail (8)]
  3492 | D:3      | Reached skill level 1 in Invocations
  3492 | D:3      | Reached XP level 5. HP: 37/37 MP: 4/8
  3723 | D:3      | Found a snail-covered altar of Cheibriados.
  3803 | D:3      | Found a shimmering altar of Xom.
  3896 | D:3      | Reached XP level 6. HP: 32/43 MP: 5/9
  4074 | D:4      | Noticed an ogre
  4090 | D:4      | Killed an ogre
  4105 | D:4      | Noticed an ogre
  4106 | D:4      | Slain by an ogre

Levels and vault maps discovered:
D:1:      onia_arrival_zoo_common, layout_loops_corners
D:2:      layout_basic, first_ration
D:3:      layout_basic, grunt_temple_overflow_open, vehumet_crystals,
          okawaru_gym_becter
D:4:      layout_loops_ring, serial_bayou_ford_a, minmay_misc_feat_x, uniq_robin

Skill      XL: |  1  2  3  4  5  6 |
---------------+-------------------+-----
Unarmed Combat | 4 |  4.4
Transmutations | 3 4 |  4.1
Invocations    | 1 2 3 |  3.1
Fighting       | 3 |  3.0
Dodging        | |  1.7
Spellcasting   | |  2.1

Action                   |  1- 3 |  4- 6 || total
-------------------------+-------+-------++-------
Melee: Unarmed           |   109 |   150 ||   259
       Kick              |       |    11 ||    11
       Punch             |       |     2 ||     2
 Cast: Beastly Appendage |       |     4 ||     4
       Spider Form       |       |     7 ||     7
  Use: Potion            |     3 |       ||     3
       Scroll            |     1 |       ||     1
  Eat: Chunk             |     2 |     9 ||    11
Armor: Robe              |    27 |    37 ||    64
       Skin              |       |     2 ||     2
Dodge: Dodged            |    76 |   118 ||   194

Table legend:
 A = Non-vault XP
 B = Vault XP
 C = Vault XP percentage of total XP
 D = Non-vault monster count
 E = Vault monster count
 F = Vault count percentage of total count
                 A         B        C        D         E       F
            +---------+---------+-------+---------+---------+-------
      Total |     400 |       0 |   0.0 |      59 |       0 |   0.0
            +---------+---------+-------+---------+---------+-------
        D:1 |      20 |       0 |   0.0 |      11 |       0 |   0.0
        D:2 |      82 |       0 |   0.0 |      22 |       0 |   0.0
        D:3 |     185 |       0 |   0.0 |      25 |       0 |   0.0
        D:4 |     113 |       0 |   0.0 |       1 |       0 |   0.0
            +---------+---------+-------+---------+---------+-------
